Map: Bel'Shir Vestige LE (Void)

Players

MythiC - Winner!

  • Race: Terran Terran
  • League: Master
  • Spawn Location: 5:00

Caerwyn

  • Race: Terran Terran
  • League: Diamond
  • Spawn Location: 11:00

VOD

Have the link to the VOD?

Description

Time

  • Played on: April 28, 2017, 1:11 p.m.
  • Length: 8:41
Show
View Real Time Build Order
Export as new Build Order

MythiC Terran - Winner!

Build Orders: 1/1/1, Cyclone Opening 

Get SALT Encoding   

  12  0:00  SCV  
  13  0:12  SCV  
  14  0:17  Supply Depot  
  14  0:25  SCV  
  15  0:29  Refinery  
  15  0:38  SCV  
  16  0:44  Barracks  
  16  0:51  SCV  
  16  0:55  Refinery  
  17  1:03  SCV  
  18  1:15  SCV  
  19  1:31  Orbital Command  
  19  1:32  Reaper  
  20  1:34  Factory  
  20  1:46  Supply Depot  
  20  1:56  SCV  
  21  2:04  Reaper  
  22  2:09  SCV  
  23  2:19  Hellion, Starport  
  23  2:21  SCV  
  26  2:31  Supply Depot  
  26  2:33  SCV  
  26  2:36  Barracks Tech Lab  
  27  2:42  Cyclone  
  30  2:46  SCV  
  31  2:58  SCV  
  32  3:03  Raven  
  34  3:13  Command Center  
  34  3:22  Supply Depot, Barracks Reactor  
  34  3:23  Factory Tech Lab  
  34  3:25  SCV  
  35  3:37  SCV  
  35  3:50  Siege Tank  
  35  3:55  Viking  
  34  4:03  Marine x2, SCV  
  34  4:07  Supply Depot  
  37  4:15  SCV  
  38  4:21  Marine x2  
  38  4:27  SCV  
  40  4:33  Orbital Command  
  40  4:35  Raven  
  41  4:39  SCV, Marine x2  
  41  4:44  Supply Depot  
  44  4:51  SCV  
  45  4:57  Siege Tank, Marine x2  
  50  5:02  Barracks  
  50  5:03  SCV x2  
  50  5:04  Barracks  
  52  5:14  Marine  
  52  5:15  SCV x2, Marine  
  56  5:24  Refinery  
  56  5:27  SCV x2  
  58  5:28  Engineering Bay  
  58  5:30  Siege Tank  
  61  5:40  SCV x2  
  63  5:45  Starport Reactor  
  63  5:46  Marine  
  61  5:52  SCV x2  
  61  5:55  Stimpack  
  63  6:01  Marine x2  
  63  6:03  Marine  
  63  6:04  SCV x2  
  68  6:15  Siege Tank  
  68  6:16  SCV x2  
  73  6:23  Marine x2  
  75  6:28  Command Center, SCV  
  75  6:29  Terran Infantry Weapons Level 1  
  75  6:30  Starport Reactor  
  75  6:31  SCV  
  76  6:36  Supply Depot  
  76  6:40  SCV  
  76  6:43  SCV  
  78  6:58  SCV x2, Marine x5  
  85  7:02  Refinery  
  85  7:09  Barracks  
  85  7:10  Supply Depot, Barracks  
  85  7:14  Medivac, Siege Tank  
  85  7:15  Supply Depot, SCV x2  
  92  7:24  Marine  
  92  7:25  Marine  
  94  7:32  Medivac, SCV x2, Marine x3  
  94  7:34  Supply Depot  
  101  7:41  Supply Depot  
  101  7:44  SCV  
  102  7:52  Marine  
  102  7:53  Marine x4  
  102  7:54  Siege Tank  
  102  7:55  Medivac  
  102  7:58  SCV x2  
  114  8:01  Supply Depot  
  114  8:02  Medivac  
  115  8:10  Marine x2  
  115  8:11  Barracks Reactor, Marine  
  115  8:12  Barracks Reactor, Orbital Command  
  117  8:18  Supply Depot  
Show
View Real Time Build Order
Export as new Build Order

Caerwyn Terran 

Build Orders: 1/1/1, Cyclone Opening 

Get SALT Encoding   

  12  0:00  SCV  
  13  0:13  SCV  
  14  0:17  Supply Depot  
  14  0:25  SCV  
  15  0:29  Refinery  
  15  0:39  SCV  
  16  0:44  Barracks  
  16  0:51  SCV  
  16  0:55  Refinery  
  17  1:03  SCV  
  18  1:15  SCV  
  19  1:32  Orbital Command, Reaper  
  20  1:36  Factory  
  20  1:46  Supply Depot  
  20  1:58  SCV  
  21  2:04  Reaper  
  22  2:11  SCV  
  23  2:21  Cyclone  
  26  2:23  Starport, SCV  
  27  2:39  SCV  
  27  2:41  Supply Depot, Barracks Reactor  
  28  2:53  Cyclone  
  31  2:59  Starport Tech Lab  
  31  3:05  SCV  
  31  3:12  Command Center  
  32  3:24  Marine x2  
  34  3:28  SCV  
  34  3:30  Supply Depot, Raven  
  37  3:40  SCV  
  38  3:42  Marine  
  38  3:43  Factory Tech Lab  
  38  3:48  Marine  
  34  4:05  Siege Tank, SCV  
  38  4:29  Marine x2  
  39  4:35  Barracks x2, SCV  
  39  4:38  Engineering Bay  
  40  4:42  Raven  
  41  4:47  Orbital Command  
  41  4:51  Marine x2, SCV  
  41  4:52  Refinery  
  44  4:59  Siege Tank  
  47  5:03  SCV  
  48  5:12  SCV  
  49  5:14  Marine x2  
  49  5:15  SCV  
  52  5:22  Supply Depot  
  52  5:24  SCV  
  53  5:30  SCV  
  53  5:32  Barracks Tech Lab, Marine  
  53  5:33  Siege Tank  
  58  5:36  SCV  
  58  5:37  Starport Reactor  
  59  5:46  Marine, SCV  
  59  5:47  Marine  
  59  5:48  Stimpack  
  59  5:49  SCV  
  63  5:53  Missile Turret  
  63  5:57  Supply Depot  
  63  5:58  SCV, Marine x2  
  63  6:01  SCV  
  67  6:18  SCV x2  
  69  6:19  Medivac x2, Marine x4  
  75  6:30  Siege Tank  
  78  6:33  Supply Depot  
  78  6:37  Supply Depot  
  78  6:44  SCV  
  78  6:45  SCV  
  78  6:46  Marine  
  78  6:47  Marine  
  78  6:49  Medivac, Marine x2  
  78  6:56  SCV  
  73  7:04  Marine  
  73  7:05  Marine  
  73  7:08  Siege Tank  
  77  7:09  Marine x2  
  77  7:12  SCV  
  80  7:28  Medivac  
  73  7:37  SCV  
  73  7:38  SCV  
  75  7:48  Marine x3  
  75  7:49  Marauder  
  75  7:50  SCV x2  
Tags
 
Add a new tag
Caveats
  • Supply blocks, unpowered buildings, or Contaminate may cause inaccurate times.
  • Supply counts are checked every 10 seconds.